 Dungeon Crawl Stone Soup version 0.31-a0-1555-g5715333c33 (webtiles) character file.

Game seed: 8116720138527829351

321760 Ge0ff the Marksvampire (level 20, 0/176 HPs)
             Began as a Vampire Reaver on Jan 3, 2024.
             Was a High Priest of Okawaru.
             Killed by vampiric draining
             ... invoked by a ghostly deep elf death mage
              (23 damage)
             ... on level 3 of the Elven Halls on Jan 4, 2024.
             The game lasted 02:25:53 (50488 turns).

Ge0ff the Marksvampire (Vampire Reaver)            Turns: 50488, Time: 02:25:54

Health: 0/176      AC: 16    Str: 11    XL:     20   Next: 65%
Magic:  27/29      EV: 25    Int: 19    God:    Okawaru [*****.]
Gold:   1163       SH:  0    Dex: 36    Spells: 23/26 levels left

rFire   + . .        a - +9 longbow (flame)
rCold   . . .        (shield currently unavailable)
rNeg    . . .        Q - +3 troll leather armour {Snorg}
rPois   +            x - +2 helmet
rElec   +            A - +1 cloak
rCorr   .            B - +2 pair of gloves of the Shoals {rPois Int+3 Dex+3}
SInv    +            e - +0 pair of boots
Will    ++...        M - amulet "Baeburgh" {Acrobat ^Contam rElec rPois rF+}
Stlth   ++++         O - +6 ring of dexterity
HPRegen 1.49/turn    c - +6 ring of dexterity {=R}
MPRegen 0.21/turn

%: acrobat
@: about to teleport, finesse-ful, healing quickly
A: alive, fangs 3, see invisible, vampiric 2
}: 2/15 runes: barnacled, gossamer
a: Exsanguinate, Renounce Religion, Heroism, Finesse, Duel


You were on level 3 of the Elven Halls.
You worshipped Okawaru.
Okawaru was extremely pleased with you.
You visited 7 branches of the dungeon, and saw 34 of its levels.
You visited 1 bazaar.
You also visited: Sewer, Gauntlet, Ice Cave and Desolation.

You collected 4051 gold pieces.
You spent 2888 gold pieces at shops.

Inventory:

Hand Weapons
 a - a +9 longbow of flaming (weapon)
 b - a +1 antimagic arbalest
Missiles
 g - 8 throwing nets {=F}
 h - 4 datura-tipped darts {=F}
 n - 14 silver javelins
 v - 4 curare-tipped darts {=F}
 Y - 31 javelins
Armour
 e - a +0 pair of boots (worn)
 x - a +2 helmet (worn)
 A - a +1 cloak (worn)
 B - the +2 pair of gloves of the Shoals (worn) {rPois Int+3 Dex+3}
   (You found it on level 4 of the Spider Nest)

   Int+3:     It affects your intelligence (+3).
   Dex+3:     It affects your dexterity (+3).
   rPois:     It protects you from poison
 G - a +2 leather armour of willpower
 Q - a +3 troll leather armour (worn) {Snorg}
Jewellery
 c - a +6 ring of dexterity (right hand) {=R}
 r - a ring of willpower
 D - a ring of positive energy
 L - a ring of flight
 M - the amulet "Baeburgh" (around neck) {Acrobat ^Contam rElec rPois rF+}
   (You took it off a minotaur in a Gauntlet)

   [amulet of the acrobat]

   Acrobat:   It increases your evasion while moving and waiting.
   rF+:       It protects you from fire.
   rElec:     It insulates you from electricity.
   rPois:     It protects you from poison ^Contam: It causes magical
   contamination when unequipped.
 O - a +6 ring of dexterity (left hand)
 S - a ring of protection from fire
 U - a +4 ring of protection
 Z - a ring of protection from cold
Wands
 d - a wand of digging (7)
 f - a wand of flame (43)
 j - a wand of light (3)
 k - a wand of iceblast (23)
 p - a wand of paralysis (11)
 s - a wand of mindburst (11)
 P - a wand of polymorph (2)
Scrolls
 m - 2 scrolls of revelation
 y - 6 scrolls of immolation
 C - a scroll of poison
 E - a scroll of fear
 F - 11 scrolls of fog
 J - 2 scrolls of silence {!r}
 T - 3 scrolls of teleportation
 V - 2 scrolls of vulnerability
Potions
 o - 9 potions of ambrosia
 q - 12 potions of curing
 u - 5 potions of mutation {!q}
 z - 7 potions of brilliance
 H - 5 potions of haste {!q}
 I - a potion of invisibility
 K - 8 potions of magic {!q}
 N - 4 potions of cancellation {!q}
 R - 5 potions of resistance
 X - 4 potions of enlightenment
Miscellaneous
 l - a lightning rod (4/4)
 t - a tin of tremorstones (inert)


   Skills:
 - Level 20.0 Fighting
 - Level 5.0 Short Blades
 + Level 20.2 Ranged Weapons
 - Level 2.0 Throwing
 + Level 5.9 Armour
 + Level 10.8 Dodging
 - Level 5.0 Stealth
 - Level 2.0 Shields
 + Level 3.9 Spellcasting
 - Level 3.0 Conjurations
 - Level 2.0 Necromancy
 + Level 3.6 Translocations
 + Level 3.4 Earth Magic
 - Level 12.0 Invocations
 - Level 11.0 Evocations


You had 23 spell levels left.
You knew the following spells:

 Your Spells              Type           Power      Damage    Failure   Level
w - Passwall              Erth           17%        N/A       13%         3

Your spell library contained the following spells:

 Spells                   Type           Power      Damage    Failure   Level
 Kiss of Death            Conj/Necr      52%        2d9       6%          1
 Lesser Beckoning         Tloc           34%        N/A       6%          2
 Momentum Strike          Conj/Tloc      32%        3d8       7%          2
 Gell's Gravitas          Tloc           17%        N/A       12%         3
 Teleport Other           Tloc           17%        N/A       12%         3
 Static Discharge         Conj/Air       18%        3-4/arc   14%         2
 Stone Arrow              Conj/Erth      32%        3d9       14%         3
 Freeze                   Ice            12%        1d3       19%         1
 Cigotuvi's Dreadful Rot  Necr/Alch/Air  12%        N/A       21%         2
 Fugue of the Fallen      Necr           11%        N/A       24%         3
 Ensorcelled Hibernation  Hex/Ice        6%         N/A       26%         2
 Volatile Blastmotes      Fire/Tloc      20%        2d11      26%         3
 Dazzling Flash           Conj/Hex       18%        N/A       28%         3
 Hailstorm                Conj/Ice       9%         3d6       28%         3
 Manifold Assault         Tloc           17%        N/A       36%         4
 Brom's Barrelling Bould  Conj/Erth      16%        2d4       43%         4
 Frozen Ramparts          Ice            6%         1d1       47%         3
 Inner Flame              Hex/Fire       3%         N/A       47%         3
 Swiftness                Air            3%         N/A       47%         3
 Dispel Undead            Necr           11%        3d9       61%         4
 Dimensional Bullseye     Hex/Tloc       5%         N/A       63%         4
 Vhi's Electric Charge    Tloc/Air       20%        N/A       63%         4
 Leda's Liquefaction      Alch/Erth      5%         N/A       65%         4
 Flame Wave               Conj/Fire      9%         2d6       67%         4
 Anguish                  Hex/Necr       3%         N/A       75%         4
 Lee's Rapid Deconstruct  Erth           8%         3d7*      75%         5
 Iskenderun's Battlesphe  Conj           15%        2d7       82%         5
 Borgnjor's Vile Clutch   Necr/Erth      7%         N/A       85%         5
 Airstrike                Air            1%         2d(1-17)  87%         4
 Cause Fear               Hex            1%         N/A       87%         4
 Arcjolt                  Conj/Air       4%         1d14      95%         5
 Fireball                 Conj/Fire      4%         3d4       95%         5
 Irradiate                Conj/Alch      4%         3d13      95%         5
 Alistair's Intoxication  Alch           2%         N/A       99%         5
 Dispersal                Tloc           8%         N/A       99%         6
 Bombard                  Conj/Erth      8%         9d2       100%        6
 Conjure Ball Lightning   Conj/Air       4%         3x3d6     100%        6
 Eringya's Noxious Bog    Alch           1%         4d6       100%        6
 Plasma Beam              Fire/Air       1%         2x1d11    100%        6
 Orb of Destruction       Conj           7%         9d6       100%        7
 Ignition                 Fire           1%         3d3       100%        8
 Martyr's Knell           Necr/Summ      Unusable   N/A       N/A         4
 Summon Blazeheart Golem  Fire/Summ      Unusable   N/A       N/A         4
 Summon Lightning Spire   Summ/Air       Unusable   N/A       N/A         4
 Summon Forest            Summ/Tloc      Unusable   N/A       N/A         5
 Death Channel            Necr           Unusable   N/A       N/A         6
 Sculpt Simulacrum        Ice/Alch       Unusable   N/A       N/A         6
 Summon Cactus Giant      Summ           Unusable   N/A       N/A         6
 Summon Hydra             Summ           Unusable   N/A       N/A         7
 Dragon's Call            Summ           Unusable   N/A       N/A         9

Dungeon Overview and Level Annotations

Branches:
Dungeon (15/15) Zot: 24582  Temple (1/1) D:5 Zot: 5998    Lair (5/5) D:10 Zot: 21508
 Shoals (4/4) Lair:2 Zot: 18450  Spider (4/4) Lair:3 Zot: 19191   Slime (0/5) Lair:4
    Orc (2/2) D:11 Zot: 10126     Elf (3/3) Orc:2 Zot: 14553  Vaults (0/5) D:14
 Depths (0/4) D:15          Sewer (visited)           IceCv (visited)
Desolation (visited)      Gauntlet (visited)

Altars:
Ashenzari
Cheibriados
Dithmenos
Fedhas
Gozag
Hepliaklqana
Kikubaaqudgha
Makhleb
Nemelex Xobeh
Okawaru
Qazlal
Ru
Sif Muna
Trog
Uskayaw
Vehumet
Wu Jian
Xom
Yredelemnul
Jiyva
Lugonu

Shops:
D:2 :   D:4 !   D:5 [   D:8 :   D:10 *(   Orc:1 !   Orc:2 ((?*   Elf:3 (

Portals:
Abyss: D:4

Annotations:
Spider:3 plate trap
Elf:3 2 exclusions


Innate Abilities, Weirdness & Mutations

Your natural rate of healing is accelerated.
You have razor-sharp teeth.
You have supernaturally acute eyesight. (SInv)
You are afflicted with vampirism and can become a bat while bloodless.


Message History

Press: ? - help, Q - select action, (/) - cycle Shift-Dir - straight line, f/p - ghostly deep elf death mage
Aim: a ghostly deep elf death mage, wielding a +0 short sword (poison gas, heavily damaged, 77% to hit)
You shoot an arrow.
The arrow hits the ghostly deep elf death mage!
The arrow burns the ghostly deep elf death mage.
The ghostly deep elf death mage is severely damaged.
A deep elf archer comes into view. It is wielding a +0 short sword.
The deep elf high priest mumbles some strange prayers to its god.
The deep elf high priest begins emitting a brilliant aura!
The ghostly deep elf death mage is empowered by the deep elf high priest's aura!
The deep elf elementalist is empowered by the deep elf high priest's aura!
Fire: a) +9 longbow (flame)
Press: ? - help, Q - select action, (/) - cycle Shift-Dir - straight line, f/p - ghostly deep elf death mage
Aim: a ghostly deep elf death mage, wielding a +0 short sword (poison gas, severely damaged, spells empowered, 77% to hit)
You shoot an arrow.
The arrow hits the ghostly deep elf death mage!
The arrow burns the ghostly deep elf death mage.
The ghostly deep elf death mage is almost destroyed.
The deep elf blademaster looks as sick as possible!
The deep elf blademaster hits you with a +3 rapier!!
* * * LOW HITPOINT WARNING * * *
The deep elf blademaster completely misses you.
The deep elf elementalist casts a spell next to you.
The stone door frame shatters!
The blast of rock fragments hits you!!
* * * LOW HITPOINT WARNING * * *
You hear a shout! x2
You feel much better.
The deep elf blademaster looks as sick as possible!
The deep elf blademaster hits you but does no damage.
The deep elf blademaster hits you with a +3 rapier!
* * * LOW HITPOINT WARNING * * *
The deep elf archer unwields a +0 short sword.
The deep elf archer wields a +0 shortbow.
The deep elf archer shoots an arrow.
The arrow hits you!
* * * LOW HITPOINT WARNING * * *
The deep elf annihilator is engulfed in poison gas.
The deep elf annihilator is poisoned.
Flame seeps out of the deep elf annihilator.
The deep elf annihilator mumbles some strange words.
The deep elf annihilator blinks!
You feel much better.
The deep elf blademaster is engulfed in poison gas.
The deep elf blademaster looks as sick as possible!
The deep elf blademaster hits you with a +3 rapier!
* * * LOW HITPOINT WARNING * * *
The deep elf blademaster hits you but does no damage.
The deep elf elementalist is engulfed in poison gas.
The deep elf elementalist looks even sicker.
The ghostly deep elf death mage draws life force from you!!
You die...

# ##....#..# #
##...#).# #
#...#..# #
#...e..#
###)#..#
#...#..#
.e#######)..#..#
).))°§°.#...+..#
)).^###.○ee@#..#
.....ee§#§§e#..#
.#######○.○#..#
#.○§# ##+##


You could see a deep elf blademaster (extremely poisoned), a ghostly deep elf
death mage (empowered), a deep elf annihilator (empowered), a deep elf
elementalist (fast, empowered, repels missiles, very poisoned), a deep elf
archer (repels missiles) and a deep elf high priest (brilliance aura).

Vanquished Creatures
  Norris (Elf:1)
  Arachne (Spider:4)
  Rupert (Spider:1)
  The ghost of Ge0ff the Markskobold, an adept KoCK of Okawaru (Spider:4)
  An Ice Fiend (IceCv)
  Zenata (Elf:2)
  A deep elf blademaster (Elf:2)
  Frances (Shoals:1)
  An acid blob (Spider:1)
  Polyphemus (Shoals:1)
  A deep elf master archer (Elf:3)
  Agnes (D:15)
  3 krakens
  Gastronok (Lair:2)
  Roxanne (Spider:1)
  2 deep elf sorcerers
  6 emperor scorpions
  A frost giant (D:15)
  Louise (Shoals:1)
  4 imperial myrmidons (Desolation)
  A deep elf elementalist (Elf:3)
  3 ghost moths
  A formless jellyfish (Shoals:4)
  An orc warlord (Orc:1)
  A broodmother (Spider:1)
  A very ugly thing (IceCv)
  A deep elf demonologist (Elf:3)
  3 deep elf death magi
  The ghost of Azzok the Severer, a journeyman GrBe of Trog (Lair:5)
  4 spark wasps
  2 deep elf annihilators
  2 dire elephants (Lair:5)
  2 halazid warlocks (Desolation)
  A minotaur (Gauntlet)
  2 crystal guardians
  13 merfolk impalers
  A merfolk javelineer (Shoals:4)
  Josephine (D:14)
  5 ragged hierophants (Desolation)
  10 entropy weavers
  A deep elf high priest (Elf:3)
  11 servants of whispers (Desolation)
  8 vault guards (D:14)
  9 peacekeepers
  5 hydras
  A caustic shrike simulacrum (IceCv)
  4 catoblepae
  3 jorogumos
  6 merfolk aquamancers
  2 merfolk avatars
  4 radroaches
  9 boulder beetles
  Erica (Lair:2)
  A centaur warrior (D:13)
  An alligator snapping turtle (Shoals:1)
  2 satyrs (Shoals:4)
  23 dancing weapons
  8 two-headed ogres
  A naga sharpshooter (D:15)
  7 death yaks
  8 demonic crawlers
  4 orc high priests
  3 fire crabs (D:15)
  A sun demon (D:15)
  Urug (Lair:1)
  21 deep elf knights
  13 skysharks
  6 pharaoh ants
  Lodul (D:14)
  A spectral death yak (Lair:5)
  A death drake (Lair:3)
  11 sea snakes
  A sun moth (Spider:4)
  6 steelbarb worms
  10 deep elf archers
  11 spriggan simulacra
  A spectral anaconda (Lair:5)
  Pikel (D:8)
  5 arcanists (D:15)
  3 ironbound convokers (Desolation)
  10 orb spiders
  4 orc knights (Orc:2)
  2 obsidian statues
  35 deep elf pyromancers
  28 deep elf zephyrmancers
  27 harpies
  3 necromancers (Lair:5)
  2 oklob plants
  23 wolf spiders
  6 orc sorcerers
  15 manticores
  3 salamanders (D:15)
  8 ugly things
  11 fauns
  5 cyclopes
  5 moths of wrath
  9 merfolk sirens
  5 guardian serpents (Desolation)
  10 elephants
  3 meliai (Spider:4)
  3 kobold blastminers (Orc:2)
  12 cane toads
  A molten gargoyle (Desolation)
  A dire elephant zombie (Lair:5)
  7 black mambas
  5 gargoyles
  An eye of devastation (Gauntlet)
  8 water nymphs
  3 unseen horrors
  6 torpor snails
  A dire elephant skeleton (Lair:5)
  8 freezing wraiths (IceCv)
  4 yaktaurs (D:15)
  6 komodo dragons
  3 ice devils (IceCv)
  2 anaconda simulacra
  2 polar bears
  8 rime drakes
  A queen bee (Lair:1)
  6 trolls
  A wind drake (Shoals:4)
  28 tarantellas
  2 hornets (shapeshifter) (D:15)
  Prince Ribbit (D:5)
  An alligator simulacrum (IceCv)
  54 saltlings (Desolation)
  Grinder (D:5)
  41 merfolk
  A blink frog (shapeshifter) (D:15)
  14 blink frogs
  A slime creature (shapeshifter) (D:15)
  14 dream sheep
  A spectral elephant (Lair:5)
  2 glass eyes (Gauntlet)
  6 slime creatures
  5 air elementals
  7 snapping turtles
  34 jumping spiders
  A centaur simulacrum (Gauntlet)
  18 culicivoras
  4 shadows
  A yak (shapeshifter) (Elf:2)
  39 yaks
  A vampire (D:10)
  17 water elementals
  8 wraiths
  A fire elemental (Elf:1)
  A wyvern (Lair:1)
  2 dire elephant simulacra (IceCv)
  2 minotaur simulacra (IceCv)
  7 basilisks
  4 wargs
  The ghost of losten the Slasher, an amateur DsGl of Ashenzari (D:4)
  77 redbacks
  Menkaure (D:4)
  A steam dragon (Lair:3)
  2 death yak simulacra (Lair:5)
  A spectral cane toad (Lair:5)
  10 vampire mosquitoes
  5 acid dragons
  14 water moccasins
  Duvessa (D:5)
  5 small abominations (D:7)
  15 orc warriors
  A black bear (D:10)
  2 elephant zombies (Lair:5)
  2 ice beasts
  An ettin simulacrum (IceCv)
  2 laughing skulls (D:14)
  A black bear (shapeshifter) (Elf:1)
  2 boggarts (D:15)
  A crocodile (Sewer)
  27 wolves
  18 ogres
  A lemure (D:8)
  11 centaurs
  2 phantoms (D:4)
  9 kobold brigands
  20 bullfrogs
  2 deep troll simulacra
  3 scorpions
  3 earth elementals
  A gnoll sergeant (D:6)
  5 wights (D:6)
  Dowan (D:5)
  38 killer bees
  An elephant simulacrum (Lair:5)
  4 lindwurm simulacra
  7 electric eels
  3 howler monkeys (D:11)
  2 jellies (D:5)
  2 crimson imps (D:4)
  3 bombardier beetles
  Crazy Yiuf (D:7)
  14 orc priests
  A wyvern simulacrum (Gauntlet)
  6 hounds
  A gnoll bouda (D:7)
  An iron imp (D:4)
  2 sleepcaps
  5 hell rats (Lair:4)
  Natasha (thrice) (D:4)
  4 iguanas
  24 orc wizards
  A boggart simulacrum (Gauntlet)
  20 gnolls
  9 adders
  2 river rats (Sewer)
  A shadow imp (D:8)
  A white imp (D:7)
  4 ufetubi (D:6)
  2 ribbon worms
  A dart slug (D:4)
  A ribbon worm (shapeshifter) (D:15)
  66 orcs
  5 bats
  4 endoplasms
  6 giant cockroaches
  2 goblins
  3 hobgoblins
  3 jackals (D:1)
  A quokka (D:4)
  13 ball pythons
  2 frilled lizards (D:2)
  A goblin zombie (D:8)
  A hobgoblin zombie (D:8)
  36 kobolds
  2 kobold skeletons (D:8)
  A kobold zombie (D:8)
  8 rats
  A butterfly (Lair:4)
  7 tentacles
1499 creatures vanquished.

Vanquished Creatures (others)
  A merfolk aquamancer (Shoals:4)
  A deep elf pyromancer (Elf:1)
  8 tentacles
10 creatures vanquished.

Grand Total: 1509 creatures vanquished

Notes
Turn   | Place    | Note
-------+----------+-------------------------------------------
     0 | D:1      | Ge0ff the Vampire Reaver began the quest for the Orb.
     0 | D:1      | Reached XP level 1. HP: 16/16 MP: 3/3
    74 | D:1      | Reached skill level 1 in Stealth
   375 | D:1      | Reached XP level 2. HP: 7/19 MP: 3/5
  1044 | D:2      | Gained mutation: You are afflicted with vampirism and can
                  | become a bat while bloodless. [Vampire growth]
  1044 | D:2      | Reached XP level 3. HP: 25/27 MP: 6/6
  1224 | D:2      | Reached skill level 1 in Armour
  1406 | D:2      | Reached skill level 1 in Necromancy
  1406 | D:2      | Reached XP level 4. HP: 16/28 MP: 7/7
  1575 | D:2      | Learned a level 2 spell: Momentum Strike
  1864 | D:2      | Reached skill level 5 in Short Blades
  1904 | D:2      | Reached XP level 5. HP: 33/37 MP: 8/8
  1950 | D:2      | Found Jeotise's Vocational Training.
  2252 | D:2      | Found Jeotise's Vocational Training.
  2425 | D:3      | You fall into a shaft and drop 1 floor!
  2439 | D:4      | Found a transporter.
  2511 | D:3      | Reached skill level 1 in Translocations
  2720 | D:3      | Found an iron altar of Okawaru.
  2720 | D:3      | Found a shadowy altar of Dithmenos.
  2727 | D:3      | Became a worshipper of Warmaster Okawaru
  2879 | D:3      | Found an ornate altar of the Wu Jian Council.
  2912 | D:3      | Found a faded altar of an unknown god.
  3151 | D:3      | Found an opulent altar of Gozag.
  3224 | D:4      | Found Xushifi's Distillery.
  3248 | D:4      | Bought a potion of berserk rage for 65 gold pieces
  3248 | D:4      | Bought a potion of curing for 39 gold pieces
  3248 | D:4      | Bought a potion of enlightenment for 65 gold pieces
  3315 | D:4      | Found a transporter.
  3318 | D:4      | Found a one-way gate to the infinite horrors of the Abyss.
  3318 | D:4      | Noticed losten's ghost (amateur DsGl)
  3396 | D:4      | Noticed an ogre
  3413 | D:4      | Killed an ogre
  3414 | D:4      | Reached skill level 1 in Ranged Weapons
  3414 | D:4      | Reached XP level 6. HP: 37/44 MP: 9/9
  3575 | D:4      | Noticed Natasha
  3591 | D:4      | Killed Natasha
  3621 | D:4      | Reached skill level 1 in Shields
  3669 | D:4      | Noticed Menkaure
  3680 | D:4      | Killed Menkaure
  3680 | D:4      | Reached * piety under Okawaru
  3926 | D:4      | Noticed Natasha
  3937 | D:4      | Killed Natasha
  3938 | D:4      | Reached XP level 7. HP: 36/37 MP: 7/10
  4264 | D:5      | Entered Level 5 of the Dungeon
  4269 | D:5      | Reached skill level 1 in Invocations
  4269 | D:5      | Reached skill level 1 in Evocations
  4396 | D:5      | Noticed Dowan
  4397 | D:5      | Noticed Duvessa
  4431 | D:6      | Found a glowing drain.
  4561 | Sewer    | Entered a sewer
  4928 | Sewer    | Reached XP level 8. HP: 48/56 MP: 9/11
  5620 | D:6      | Reached skill level 5 in Ranged Weapons
  6746 | D:5      | Found Pawo's Armour Shop.
  7003 | D:5      | Noticed Prince Ribbit
  7023 | D:5      | Killed Prince Ribbit
  7024 | D:5      | Reached XP level 9. HP: 50/62 MP: 12/12
  7215 | D:4      | Noticed Natasha
  7230 | D:4      | Killed Natasha
  7272 | D:4      | Found Xushifi's Distillery.
  7468 | D:4      | Reached ** piety under Okawaru
  7526 | D:4      | Found a transporter.
  7535 | D:4      | Found a one-way gate to the infinite horrors of the Abyss.
  7591 | D:4      | Found a transporter.
  7985 | D:4      | Found Xushifi's Distillery.
  8226 | D:4      | Found a transporter.
  8235 | D:4      | Found a one-way gate to the infinite horrors of the Abyss.
  8291 | D:4      | Found a transporter.
  8576 | D:5      | Killed Duvessa
  8616 | D:5      | Killed Dowan
  8677 | D:5      | Noticed Grinder
  8706 | D:5      | Killed Grinder
  8740 | D:5      | Found a staircase to the Ecumenical Temple.
  8749 | Temple   | Entered the Ecumenical Temple
  9198 | D:7      | Found a shimmering blue altar of Sif Muna.
  9397 | D:5      | Bought a +2 helmet for 198 gold pieces
  9630 | D:7      | Noticed a red ugly thing
  9633 | D:7      | Found a corrupted altar of Lugonu.
  9634 | D:7      | Noticed an unseen horror
  9637 | D:7      | Noticed a purple ugly thing
 10732 | D:7      | Noticed a brown ugly thing
 10733 | D:7      | Found a transporter.
 10735 | D:7      | Found a transporter.
 10829 | D:7      | Found a runed translucent door.
 10830 | D:7      | Noticed Crazy Yiuf
 10948 | D:7      | Killed Crazy Yiuf
 11189 | D:8      | Found Ulaleg's Book Emporium.
 11468 | D:8      | Noticed Pikel
 11501 | D:8      | Killed Pikel
 11502 | D:8      | Reached XP level 10. HP: 71/71 MP: 13/13
 11736 | D:8      | Found a bloodstained altar of Trog.
 12806 | D:9      | Noticed a two-headed ogre
 12824 | D:9      | Killed a two-headed ogre
 12825 | D:9      | Reached skill level 10 in Ranged Weapons
 13487 | D:9      | Found a shimmering altar of Xom.
 13630 | D:9      | Noticed a two-headed ogre
 13640 | D:9      | Killed a two-headed ogre
 13640 | D:9      | Reached *** piety under Okawaru
 13641 | D:9      | Reached skill level 1 in Throwing
 13719 | D:10     | Entered Level 10 of the Dungeon
 13980 | D:10     | Found Yblimis's Assorted Antiques.
 14169 | D:10     | Found Sosugiz's Weapon Shoppe.
 14256 | D:10     | Found a staircase to the Lair.
 14591 | D:10     | Bought a scroll labelled KOUCZO VUUFAHI for 21 gold pieces
 14591 | D:10     | Bought a scroll of identify for 42 gold pieces
 14591 | D:10     | Bought a sedimented grey potion for 18 gold pieces
 14664 | D:10     | Reached XP level 11. HP: 78/78 MP: 14/14
 14861 | D:10     | Reached **** piety under Okawaru
 15128 | D:11     | Noticed a two-headed ogre
 15134 | D:11     | Killed a two-headed ogre
 15135 | D:11     | Reached skill level 5 in Fighting
 15135 | D:11     | Reached skill level 5 in Invocations
 15241 | D:11     | Noticed a two-headed ogre
 15485 | D:11     | Killed a two-headed ogre
 15733 | D:11     | Noticed a two-headed ogre
 15838 | D:11     | Killed a two-headed ogre
 16151 | D:11     | Found a staircase to the Orcish Mines.
 16741 | D:4      | Killed losten's ghost
 16779 | D:4      | Got Lugonu's Precepts of Dislocation
 16957 | Lair:1   | Entered Level 1 of the Lair of Beasts
 17058 | D:10     | Bought an encrusted ruby ring for 105 gold pieces
 17347 | Lair:1   | Reached ***** piety under Okawaru
 17351 | Lair:1   | Noticed an oklob plant
 17360 | Lair:1   | Killed an oklob plant
 17361 | Lair:1   | Identified the staff "Biest" {Int+5 Earth}
 17416 | Lair:1   | Noticed a death yak
 17416 | Lair:1   | Noticed a death yak
 17416 | Lair:1   | Noticed a death yak
 17437 | Lair:1   | Killed a death yak
 17441 | Lair:1   | Killed a death yak
 17454 | Lair:1   | Killed a death yak
 17455 | Lair:1   | Reached XP level 12. HP: 44/89 MP: 12/16
 17456 | Lair:1   | Received a gift from Okawaru
 17589 | Lair:1   | Reached skill level 5 in Evocations
 17773 | Lair:1   | Noticed Urug
 17783 | Lair:1   | Killed Urug
 18278 | Lair:1   | Received a gift from Okawaru
 19061 | Lair:2   | Noticed Gastronok
 19080 | Lair:2   | Killed Gastronok
 19529 | Lair:2   | Noticed Erica
 19548 | Lair:2   | Killed Erica
 19549 | Lair:2   | Reached XP level 13. HP: 59/98 MP: 18/18
 19590 | Lair:2   | Received a gift from Okawaru
 19633 | Lair:2   | Reached skill level 5 in Dodging
 19776 | Lair:2   | Found a staircase to the Shoals.
 20336 | Lair:2   | Found a staircase to the Shoals.
 21247 | Lair:3   | Noticed Snorg
 21248 | Lair:3   | Snorg changed into Snorg the steam dragon
 21248 | Lair:3   | Noticed Snorg
 21268 | Lair:3   | Killed Snorg the steam dragon
 21367 | Lair:3   | Noticed Nessos
 21516 | Lair:3   | Found a hole to the Spider Nest.
 21801 | Lair:3   | Nessos changed into Nessos the death drake
 21801 | Lair:3   | Noticed Nessos
 21802 | Lair:3   | hlp
 21814 | Lair:3   | Killed Nessos the death drake
 22428 | Lair:4   | Found a viscous altar of Jiyva.
 22431 | Lair:4   | Found a staircase to the Slime Pits.
 22829 | Lair:4   | Reached skill level 5 in Stealth
 22936 | Lair:5   | Entered Level 5 of the Lair of Beasts
 23036 | Lair:5   | Reached ****** piety under Okawaru
 23052 | Lair:5   | Found a gate leading to a gauntlet.
 23072 | Lair:5   | Received a gift from Okawaru
 23178 | Gauntlet | Entered a Gauntlet
 23178 | Gauntlet | Found a transporter.
 23178 | Gauntlet | Found a transporter.
 23178 | Gauntlet | Found a transporter.
 23188 | Gauntlet | Found a transporter.
 23191 | Gauntlet | Found a transporter.
 23199 | Gauntlet | Found a transporter.
 23202 | Gauntlet | Found a transporter.
 23210 | Gauntlet | Found a transporter.
 23228 | Gauntlet | Found a transporter.
 23234 | Gauntlet | Found a transporter.
 23236 | Gauntlet | Found a transporter.
 23247 | Gauntlet | Found a transporter.
 23313 | Gauntlet | Acquired the +1 robe of Bofuteic {rPois Archmagi}
 23313 | Gauntlet | Received a gift from Okawaru
 23318 | Gauntlet | Acquired a +2 hand cannon of draining
 23318 | Gauntlet | Received a gift from Okawaru
 23321 | Gauntlet | meh
 23509 | Gauntlet | Identified the +5 broad axe of Cruel Justice {flame, rElec}
 23509 | Gauntlet | Identified the amulet "Baeburgh" {Acrobat ^Contam rElec
                  | rPois rF+}
 23509 | Gauntlet | Noticed a minotaur
 23516 | Gauntlet | Killed a minotaur
 23517 | Gauntlet | Reached XP level 14. HP: 108/108 MP: 13/20
 23855 | Lair:5   | Found a runed translucent door.
 23857 | Lair:5   | Noticed Azzok's ghost (journeyman GrBe)
 23978 | Lair:5   | Received a gift from Okawaru
 24387 | Lair:5   | Reached skill level 10 in Fighting
 24783 | Lair:5   | Received a gift from Okawaru
 24787 | Lair:5   | Reached skill level 15 in Ranged Weapons
 24804 | Lair:5   | HP: 5/110 [dire elephant (5)]
 24949 | Lair:5   | Identified the +1 great sword of Causality {pain, Int+4
                  | SInv}
 25146 | Lair:5   | Killed Azzok's ghost
 26388 | Orc:1    | Entered Level 1 of the Orcish Mines
 26564 | Orc:1    | Found Waats's Distillery.
 26572 | Orc:1    | Bought a potion of invisibility for 104 gold pieces
 26572 | Orc:1    | Bought a potion of brilliance for 52 gold pieces
 26572 | Orc:1    | Bought a potion of heal wounds for 65 gold pieces
 26649 | Orc:1    | Noticed an orc warlord
 26664 | Orc:1    | Killed an orc warlord
 26794 | Orc:2    | Entered Level 2 of the Orcish Mines
 26968 | Orc:2    | Found a staircase to the Elven Halls.
 27425 | Orc:2    | Reached XP level 15. HP: 117/117 MP: 22/22
 27591 | Orc:2    | Found Aneid's General Store.
 27591 | Orc:2    | Found Taptuosiulu's Antique Weapon Shop.
 27598 | Orc:2    | Found Zitt's Magic Scroll Emporium.
 27598 | Orc:2    | Found Jebbureu's Antique Weapon Emporium.
 27607 | Orc:2    | Bought 2 scrolls of blinking for 195 gold pieces
 27607 | Orc:2    | Bought a scroll of enchant weapon for 97 gold pieces
 27667 | Orc:2    | Found Rulyad's Retail Resort.
 27675 | Orc:2    | Bought a manual of Ranged Weapons for 800 gold pieces
 28497 | D:12     | Received a gift from Okawaru
 29308 | D:13     | Identified the +7 sling of Entoikhi {speed, rPois Will-
                  | Int+6 Dex+2}
 29871 | D:14     | Noticed Josephine
 29884 | D:13     | Received a gift from Okawaru
 30097 | D:14     | Found a gate to the Vaults.
 30107 | D:14     | Reached skill level 10 in Invocations
 30223 | D:14     | Killed Josephine
 30315 | D:14     | Noticed Lodul
 30319 | D:14     | Killed Lodul
 30637 | D:14     | Received a gift from Okawaru
 31175 | D:15     | Entered Level 15 of the Dungeon
 31178 | D:15     | Paralysed by an air elemental for 1 turns
 31288 | D:15     | Found a staircase to the Depths.
 31410 | D:15     | Identified the staff "Tohi" {rF+ Str+2 Int+5 Fire}
 31978 | D:15     | Noticed Agnes
 31990 | D:15     | Killed Agnes
 32034 | D:15     | Received a gift from Okawaru
 32132 | D:15     | Reached XP level 16. HP: 107/127 MP: 23/23
 32648 | D:15     | Got the Dissertation on Chilling Incineration
 32807 | D:15     | Identified the staff "Giant's Doom" {rElec Str+3 Air}
 33181 | D:15     | Found a staircase to the Depths.
 33621 | Shoals:1 | Entered Level 1 of the Shoals
 33687 | Shoals:1 | Noticed Frances
 33698 | Shoals:1 | Killed Frances
 33704 | Shoals:1 | Noticed Louise
 33714 | Shoals:1 | Killed Louise
 33874 | Shoals:1 | Received a gift from Okawaru
 34911 | Shoals:2 | Noticed Polyphemus
 34974 | Shoals:1 | Killed Polyphemus
 35293 | Shoals:2 | Received a gift from Okawaru
 35324 | Shoals:2 | Identified the +7 flail of the Orcish Mines {flame, rPois
                  | rF+}
 36292 | Shoals:3 | Noticed a kraken
 36306 | Shoals:3 | Killed a kraken
 36422 | Shoals:3 | Received a gift from Okawaru
 36551 | Shoals:3 | Found a gateway to a bazaar.
 36621 | Shoals:3 | Reached XP level 17. HP: 119/138 MP: 24/24
 37224 | Shoals:4 | Entered Level 4 of the Shoals
 37239 | Shoals:4 | Identified the +8 shortbow of Classification {drain, Dex+2
                  | SInv}
 37492 | Shoals:4 | Received a gift from Okawaru
 37591 | Shoals:4 | Noticed a kraken
 37601 | Shoals:4 | Killed a kraken
 37899 | Shoals:4 | Reached skill level 10 in Dodging
 38159 | Shoals:4 | Noticed a kraken
 38168 | Shoals:4 | Killed a kraken
 38179 | Shoals:4 | Received a gift from Okawaru
 38214 | Shoals:4 | Got a barnacled rune of Zot
 39021 | Spider:1 | Entered Level 1 of the Spider Nest
 39077 | Spider:1 | Reached skill level 5 in Armour
 39303 | Spider:1 | Noticed an acid blob
 39308 | Spider:1 | Killed an acid blob
 39503 | Spider:1 | Noticed Rupert
 39538 | Spider:1 | Killed Rupert
 39589 | Spider:1 | Reached skill level 15 in Fighting
 39791 | Spider:1 | Noticed Roxanne
 39918 | Spider:1 | Reached XP level 18. HP: 134/146 MP: 26/26
 39933 | Spider:1 | Identified the beast talisman "Rum Waapt" {Will+}
 40339 | Spider:1 | Killed Roxanne
 40528 | Spider:2 | Found the +16 obsidian axe {drain, demonic, Mesm ^Drain Fly
                  | SInv}
 40716 | Spider:2 | Received a gift from Okawaru
 42207 | Spider:4 | Entered Level 4 of the Spider Nest
 42329 | Spider:4 | Noticed Arachne
 42342 | Spider:4 | Killed Arachne
 42566 | Spider:4 | Found a frozen archway.
 42585 | IceCv    | Entered an ice cave
 42871 | IceCv    | Reached XP level 19. HP: 159/159 MP: 28/28
 42905 | IceCv    | Reached skill level 10 in Evocations
 43134 | Spider:4 | Found a runed translucent gate.
 43135 | Spider:4 | Found a runed translucent gate.
 43136 | Spider:4 | Found a runed translucent gate.
 43299 | Spider:4 | Noticed Ge0ff's ghost (adept KoCK)
 43646 | Spider:4 | Got a gossamer rune of Zot
 44130 | Spider:4 | Killed Ge0ff's ghost
 44130 | Spider:4 | Received a gift from Okawaru
 44485 | Spider:4 | Identified the +2 pair of gloves of the Shoals {rPois Int+3
                  | Dex+3}
 44742 | Bazaar   | Entered a bazaar
 44750 | Bazaar   | Found Afibbuk's Jewellery Boutique.
 44772 | Bazaar   | Found Witeasoq's Jewellery Emporium.
 44793 | Bazaar   | Found Tacisoam's Magic Scroll Boutique.
 44813 | Bazaar   | Found Hehurof's Assorted Antiques.
 44819 | Bazaar   | Bought a scroll labelled DUNGIO TEONGIUP for 31 gold pieces
 44856 | Bazaar   | Bought a scroll of enchant weapon for 90 gold pieces
 44856 | Bazaar   | Bought a scroll of fog for 48 gold pieces
 44856 | Bazaar   | Bought a scroll of immolation for 48 gold pieces
 44856 | Bazaar   | Bought a scroll of silence for 114 gold pieces
 44856 | Bazaar   | Bought a scroll of teleportation for 36 gold pieces
 44872 | Bazaar   | Bought a scroll of enchant armour for 232 gold pieces
 44889 | Bazaar   | Bought a ring of willpower for 300 gold pieces
 44917 | Shoals:3 | Learned a level 3 spell: Passwall
 45158 | Elf:1    | Entered Level 1 of the Elven Halls
 45213 | Elf:1    | Found a crumbling gateway.
 45229 | Desolati | Entered the Desolation of Salt
 45751 | Desolati | Identified the amulet of Bazuruk {Reflect rPois Int+4 SH+5}
 46286 | Desolati | Identified the +0 long sword of Tuukof {flame, ^Fragile
                  | Int+3 Dex+3}
 46529 | Desolati | Identified the +10 spear of Prudence {venom, ^Fragile Str+5
                  | Dex+4}
 46532 | Desolati | Identified the +3 whip "Vuvoepn" {elec, rElec rF+}
 46535 | Desolati | Got Pomusus's Meditations on the Sun and the Volcano
 46546 | Desolati | Identified the +0 leather armour of the Morning Star {rPois
                  | MP+9 Str-4}
 46700 | Desolati | Identified the +1 hand axe of Harmony {elec, rF+ Str+2
                  | Int+2}
 46957 | Orc:2    | Bought a scroll of brand weapon for 123 gold pieces
 47407 | Elf:1    | Received a gift from Okawaru
 47473 | Elf:1    | Found a shimmering blue altar of Sif Muna.
 47526 | Elf:1    | Noticed Norris
 47535 | Elf:1    | Killed Norris
 47751 | Elf:1    | Reached XP level 20. HP: 174/174 MP: 29/29
 47883 | Elf:1    | Got the Anthology of Unified Destruction
 48071 | Elf:2    | Received a gift from Okawaru
 48078 | Elf:2    | Found a runed translucent gate.
 48078 | Elf:2    | Found a runed translucent gate.
 48082 | Elf:2    | Found a runed translucent gate.
 48289 | Elf:1    | Found a shimmering blue altar of Sif Muna.
 48327 | Elf:2    | Reached skill level 1 in Earth Magic
 48641 | Elf:2    | Noticed Zenata
 48657 | Elf:2    | Killed Zenata
 49608 | Elf:2    | Received a gift from Okawaru
 49734 | Elf:3    | Entered Level 3 of the Elven Halls
 49754 | Elf:3    | Found Payduw's Weapon Shop.
 50488 | Elf:3    | Killed from afar by a ghostly deep elf death mage

Illustrated notes

#.....# ## ##.....## .#
#.......# ### # ##......#
..## P######## #......# ...#
....P##.###.....## P.....#
#......†......# ..#.###
##.+#.###.....# c.....
#..@..##.....# .SD.. #
#.....##.....# ......#
#.....#......###
#..8..#........8..###.....#.#
.....#.....#..k..# #......##
..8. ...).## #......# ...
.....## #.....## .. ..8..##
##.....## . .....## #.......#


Turn 21802 on Lair:3: hlp #§..#..#.##..##..... ##..#.#..#.####..###
#§..##.#^.##.##..#WW ##§.#.^..#..P.#..#W# #§..##.###©####..#.#
##§.#...####.##..#.. #≈..##.####..##..#.# ##..#..#^.#!###..#.#
#≈.@#t^!.©"#^##..#[$ ##.)###########..### #≈..............∩...
##.................. ##≈#≈#≈#≈#≈######## ###########.©..©.# #......# .........
.......... Turn 23321 on Gauntlet: meh

Levels and vault maps discovered:
D:1:      dpeg_arrival_rhombi, layout_basic, nicolae_wormholes
D:2:      layout_rooms, nicolae_concentric_dashed_squares_mild,
          chequers_serial_rivers_micro_c, nicolae_shop_vocational
D:3:      layout_basic, gammafunk_temple_overflow_pools, grunt_gozag_statues,
          mainiacjoe_overflow_paths, ebering_ecumenical_altar_abandoned,
          minmay_bisected
D:4:      layout_loops_ring, elyvilon_altar_1, serial_shops, shop,
          gammafunk_ghost_abyssal_escape, uniq_natasha, uniq_menkaure
D:5:      layout_gridville, temple_hall, serial_shops, nicolae_shop_stone,
          uniq_grinder, uniq_prince_ribbit1, uniq_duvessa
D:6:      layout_basic, gup_sewer_entry_glass
D:7:      gammafunk_corrupted_shrine, layout_cave_pools, amcnicky_altar_gilded,
          amethyst_killhole, uniq_crazy_yiuf_cottage
D:8:      layout_basic, trog_antimagical, nicolae_tso_besieged_by_evil,
          serial_shops, kennysheep_little_box, uniq_pikel
D:9:      layout_basic, brannock_xom_greatest_gift
D:10:     layout_stronghold, due_lair_maze_entry_diamond, serial_shops, shop,
          nicolae_inconvenience_store
D:11:     layout_irregular_city, hiddenorc2_lemuel, minmay_misc_feat_diagonals
D:12:     layout_roguey
D:13:     layout_long_grid
D:14:     layout_gridville, erik_vaults_2, minmay_fountain_box, uniq_lodul,
          uniq_josephine
D:15:     hangedman_crystal_crosses_colossus [crystal_crosses_arms_four,
          crystal_crosses_arms_two, crystal_crosses_arms_two], uniq_agnes
Temple:   nicolae_temple_bog_church
Lair:1:   layout_gridlike, special_room [special_room_bee], minivault_23,
          minmay_lair_oklob_items, hangedman_lair_generics_rect, uniq_urug
Lair:2:   layout_cave_pods, minmay_shoals_entry_lonely_mermaid,
          chequers_serial_rivers_room_b, patterned_corridor, lemuel_fruit_tree,
          uniq_erica, uniq_gastronok
Lair:3:   layout_big_grid, spider_nest_entry_webs, grunt_megastairs_3,
          serial_bayou_shore_a, uniq_nessos, uniq_snorg
Lair:4:   layout_loops_ring, minmay_slime_entry_oklob_open, lemuel_fruit_fields
Lair:5:   due_jungle_book, layout_gridlike, gauntlet_entry_generic,
          ebering_ghost_inner_flame
Shoals:1: layout_shoals, uniq_louise, uniq_frances
Shoals:2: layout_shoals, nicolae_shoals_water_shrine, uniq_polyphemus
Shoals:3: layout_shoals, serial_shops, bzr_entry_customers
Shoals:4: shoals_end_hangedman, layout_shoals, nicolae_shoals_square_sea_wall,
          nicolae_shoals_lost_giant_amphitheater
Spider:1: layout_spider_delve, nicolae_spider_acid_house, uniq_roxanne,
          uniq_rupert
Spider:2: layout_spider_delve
Spider:3: layout_spider_delve, drop_trap
Spider:4: guppyfry_spider_rune, gammafunk_ghost_tricky_traps,
          portal_ice_cave_entry_ice_simulacra, uniq_arachne
Orc:1:    layout_diamond_mine, serial_shops, nicolae_shop_tiny_statue_garden
Orc:2:    st_orc_elflike, layout_caves, nicolae_alphabet_shops
Elf:1:    layout_geoelf_octagon, portal_desolation_entry_twin_temple,
          basic_altar, minmay_elf_sorcery, lemuel_upstairs_altar, uniq_norris
Elf:2:    elven_hall_of_blades_hangedman_original
          [nicolae_blade_entry_floor_patterns], layout_gridlike, uniq_zenata
Elf:3:    grunt_elf_hall_branching, layout_geoelf_castle, serial_shops, shop

Skill      XL: |  1  2  3  4  5  6  7  8  9 10 11 12 13 14 15 16 17 18 19 20 |
---------------+-------------------------------------------------------------+-----
Stealth        | 2 5 |  5.0
Fighting       | 2 4 6 8 9 10 12 13 15 16 19 20 | 20.0
Short Blades   | 4 5 |  5.0
Armour         | 1 3 4 5 |  5.9
Necromancy     | 1 2 |  2.0
Translocations | 1 2 3 |  3.6
Ranged Weapons | 1 2 4 7 9 10 12 13 14 15 18 19 20 | 20.2
Shields        | 1 2 |  2.0
Conjurations   | 3 |  3.0
Invocations    | 2 3 4 6 7 8 9 10 12 | 12.0
Evocations     | 2 3 4 5 6 7 8 9 11 | 11.0
Dodging        | 3 4 6 7 9 10 | 10.8
Throwing       | 1 2 |  2.0
Earth Magic    | 3 |  3.4
Spellcasting   | 3 |  3.9

Action                     |  1- 3 |  4- 6 |  7- 9 | 10-12 | 13-15 | 16-18 | 19-21 || total
---------------------------+-------+-------+-------+-------+-------+-------+-------++-------
  Melee: Short sword       |   165 |   160 |   132 |     9 |       |       |       ||   466
         Bite              |    16 |    20 |    25 |     1 |       |       |       ||    62
         Punch             |     4 |     1 |       |       |       |       |       ||     5
         Dagger            |       |       |       |     2 |       |       |       ||     2
   Fire: Sling             |       |       |   595 |   180 |       |       |       ||   775
         Shortbow          |       |       |       |   875 |   527 |       |       ||  1402
         Orcbow            |       |       |       |    22 |       |       |       ||    22
         Longbow           |       |       |       |       |   946 |  1565 |   922 ||  3433
  Throw: Stone             |    15 |    11 |     3 |       |       |       |       ||    29
         Javelin           |       |    12 |     4 |       |     7 |       |       ||    23
         Dart              |       |       |     3 |     4 |     7 |     3 |       ||    17
         Throwing net      |       |       |     2 |     1 |       |     4 |       ||     7
   Cast: Kiss of Death     |     3 |     2 |       |       |       |       |       ||     5
         Momentum Strike   |       |       |     1 |       |       |       |       ||     1
 Invoke: Heroism           |       |       |    12 |    18 |    12 |     7 |     2 ||    51
         Finesse           |       |       |       |     2 |    11 |    25 |    13 ||    51
         Receive Weapon    |       |       |       |       |     1 |       |       ||     1
         Receive Armour    |       |       |       |       |     1 |       |       ||     1
Ability: Exsanguinate      |       |       |       |       |     1 |       |       ||     1
  Evoke: Wand              |       |       |     3 |     8 |     6 |     4 |    11 ||    32
         Lightning rod     |       |       |       |       |    10 |     8 |     4 ||    22
         Tin of tremorston |       |       |       |       |       |     5 |     3 ||     8
    Use: Scroll            |     1 |     5 |    10 |    14 |    12 |    12 |    16 ||    70
         Potion            |       |     4 |     3 |     2 |     3 |     7 |     4 ||    23
   Stab: Sleeping          |     4 |     4 |     1 |     1 |       |       |       ||    10
         Paralysed         |       |       |     3 |     1 |       |       |       ||     4
         Held in net/web   |       |       |     2 |       |       |       |       ||     2
 Armour: Leather armour    |    87 |    69 |   195 |       |   199 |    33 |       ||   583
         Robe              |       |       |    45 |   191 |   109 |       |       ||   345
         Troll leather arm |       |       |       |       |       |   286 |   146 ||   432
  Dodge: Dodged            |    74 |    81 |   266 |   590 |   515 |   407 |   168 ||  2101
  Block: Buckler           |       |     8 |    79 |    26 |       |       |       ||   113

Table legend: (Time is in decaauts)
 A = Elapsed time spent in this place.
 B = Non-inter-level travel time spent in this place.
 C = Inter-level travel time spent in this place.
 D = Time resting spent in this place.
 E = Time spent auto-exploring this place.
 F = Levels seen in this place.
 G = Mean time per level.
                   A        B        C        D        E       F      G
               +--------+--------+--------+--------+--------+-----+--------+
         Total |  49426 |  45090 |   4336 |   5405 |  27626 |  39 | 1267.3 |
       Dungeon |  22189 |  19602 |   2587 |   1925 |  12458 |  15 | 1479.3 |
        Temple |      1 |      1 |      0 |      0 |      0 |   1 |    1.0 |
          Lair |   8491 |   7898 |    593 |    484 |   5468 |   5 | 1698.2 |
        Shoals |   5550 |   5158 |    392 |    129 |   3876 |   4 | 1387.5 |
   Spider Nest |   4808 |   4517 |    291 |   1050 |   2134 |   4 | 1202.0 |
  Orcish Mines |   1873 |   1548 |    325 |    282 |    940 |   2 |  936.5 |
   Elven Halls |   3445 |   3301 |    144 |    750 |   1785 |   3 | 1148.3 |
        Bazaar |    159 |    159 |      0 |      0 |     87 |   1 |  159.0 |
         Sewer |    622 |    622 |      0 |    114 |    298 |   1 |  622.0 |
      Ice Cave |    397 |    397 |      0 |    110 |     89 |   1 |  397.0 |
    Desolation |   1474 |   1474 |      0 |    557 |    283 |   1 | 1474.0 |
      Gauntlet |    412 |    412 |      0 |      0 |    206 |   1 |  412.0 |
               +--------+--------+--------+--------+--------+-----+--------+

Top non-repeatable levels by time:
     D:6: 2951 daAuts
     D:4: 2750 daAuts
  Lair:5: 2565 daAuts
  Lair:2: 2267 daAuts
    D:15: 2006 daAuts
     D:8: 1884 daAuts
    D:10: 1803 daAuts
Spider:4: 1732 daAuts
  Lair:1: 1731 daAuts
Shoals:4: 1677 daAuts
   Elf:2: 1619 daAuts
    D:11: 1614 daAuts
Shoals:1: 1488 daAuts
Desolation: 1474 daAuts
   Orc:2: 1320 daAuts
